 Dungeon Crawl Stone Soup version 0.25.0-46-gbd7b0854d2 (webtiles) character file.

Game seed: 6695943910774936657

573564 KleinerIrrer the Wrestler (level 25, -14/236 HPs)
             Began as a Troll Arcane Marksman on July 13, 2020.
             Was a High Priest of Jiyva.
             Killed from afar by a purple draconian (36 damage)
             ... with a bolt of dispelling energy
             ... on level 5 of the Realm of Zot on July 14, 2020.
             The game lasted 03:39:20 (56391 turns).

KleinerIrrer the Wrestler (Troll Arcane Marksman)  Turns: 56391, Time: 03:39:21

Health: -14/236    AC: 36    Str: 32      XL:     25   Next: 71%
Magic:  27/27      EV: 12    Int:  9 (11) God:    Jiyva [*****.]
Gold:   1944       SH: 24    Dex: 10 (11) Spells: 24/28 levels left

rFire    + + .     SeeInvis +     - Unarmed
rCold    + . .     Gourm    +   Y - +0 tower shield
rNeg     + + .     Faith    .   X - +5 gold dragon scales
rPois    +         Spirit   .   n - +0 mask of the Dragon {MR+ Slay+3 SInv}
rElec    +         Reflect  .   F - +2 cloak
rCorr    +         Harm     .   (gloves unavailable)
MR       +++..     Rnd*Rage +   (boots unavailable)
Stlth    ..........             S - amulet "Wuihimeo" {+Fly rElec rF+ Regen+}
HPRegen  1.69/turn              r - ring of Phasing {EV+8}
MPRegen  0.20/turn              a - ring of Idghis {Wiz rN++ MR+ Dex+2}

@: constricted
A: large, unfitting armour, claws 3, rugged brown scales 1, yellow scales 2,
berserk 1, fast metabolism 3, gourmand, high mp 1, regeneration 2, shaggy fur 1,
electricity resistance, tough skin 3, wild magic 1
}: 3/15 runes: serpentine, barnacled, slimy
a: Request Jelly, Slimify, Cure Bad Mutation, Renounce Religion, Evoke Flight


You were on level 5 of the Realm of Zot.
You worshipped Jiyva.
Jiyva was extremely pleased with you.
You were completely stuffed.

You visited 10 branches of the dungeon, and saw 51 of its levels.
You also visited: Sewer, Ossuary and Wizlab.

You collected 4511 gold pieces.
You spent 2567 gold pieces at shops.

Inventory:

Missiles
 c - 67 large rocks (quivered)
 s - 4 throwing nets
 H - 74 javelins
Armour
 n - the +0 mask of the Dragon (worn) {MR+ Slay+3 SInv}
   (You acquired it on level 11 of the Dungeon)

   It affects your accuracy and damage with ranged weapons and melee attacks
   (+3).
   It affects your resistance to hostile enchantments.
   It lets you see invisible.
 F - a +2 cloak (worn)
 X - +5 gold dragon scales (worn)
 Y - a +0 tower shield (worn)
Jewellery
 a - the ring of Idghis (right claw) {Wiz rN++ MR+ Dex+2}
   (You bought it in a shop on level 4 of the Vaults)

   [ring of wizardry]

   It improves your spell success rate.
   It affects your dexterity (+2).
   It greatly protects you from negative energy.
   It affects your resistance to hostile enchantments.
 m - an uncursed ring of stealth
 r - the ring of Phasing (left claw) {EV+8}
   (You found it on level 4 of the Shoals)

   [ring of evasion]

   It affects your evasion (+8).
 A - an uncursed ring of poison resistance
 N - a +4 ring of slaying
 S - the amulet "Wuihimeo" (around neck) {+Fly rElec rF+ Regen+}
   (You took it off a centaur warrior on level 12 of the Dungeon)

   [amulet of regeneration]

   It protects you from fire.
   It insulates you from electricity.
   It lets you fly.
   It increases your rate of regeneration.
 W - the ring "Billy" {+Fly rElec rF+}
   (You found it on level 5 of the Pits of Slime)

   [ring of flight]

   It protects you from fire.
   It insulates you from electricity.
   It lets you fly.
 Z - an uncursed ring of ice
Wands
 o - a wand of polymorph (11)
 p - a wand of iceblast (13)
 z - a wand of random effects (18)
 I - a wand of disintegration (32)
 K - a wand of acid (27)
 P - a wand of clouds (9)
Scrolls
 b - 16 scrolls of remove curse
 i - a scroll of silence
 t - 9 scrolls of teleportation
 w - 2 scrolls of vulnerability
 y - 2 scrolls of holy word
 C - 3 scrolls of magic mapping
 M - 3 scrolls of fear
 O - a scroll of fog
 Q - 23 scrolls of identify
 T - 2 scrolls of amnesia
 V - a scroll of summoning
Potions
 e - 17 potions of curing
 g - 2 potions of haste
 h - 5 potions of resistance
 j - 10 potions of ambrosia
 k - 9 potions of flight
 l - 3 potions of might
 q - 6 potions of brilliance
 u - 3 potions of cancellation
 v - 2 potions of berserk rage
 x - 5 potions of invisibility
 D - 3 potions of stabbing
 G - 7 potions of lignification
 J - 3 potions of magic
 L - 3 potions of heal wounds
Miscellaneous
 U - 2 phantom mirrors
Comestibles
 d - 4 chunks of flesh
 f - 67 rations


   Skills:
 * Level 9.8 Fighting
 * Level 17.6 Throwing
 + Level 15.2 Armour
 + Level 5.7 Dodging
 - Level 20.0 Shields
 - Level 26.0 Unarmed Combat
 - Level 2.2 Spellcasting
 - Level 3.3 Hexes
 - Level 2.0 Translocations


You had 24 spell levels left.
You knew the following spells:

 Your Spells              Type           Power        Failure   Level  Hunger
a - Corona                Hex            #......      47%         1    ##.....
b - Portal Projectile     Hex/Tloc       #.....       87%         3    ####...

Your spell library contained the following spells:

 Spells                   Type           Power        Failure   Level  Hunger
 Slow                     Hex            #.......     58%         2    ###....
 Apportation              Tloc           #.....       63%         1    ##.....
 Ensorcelled Hibernation  Hex/Ice        #.....       82%         2    ###....
 Confusing Touch          Hex            #.......     82%         3    ####...
 Tukima's Dance           Hex            #.......     82%         3    ####...
 Shroud of Golubria       Chrm/Tloc      #.....       87%         2    ###....
 Animate Skeleton         Necr           N/A          88%         1    ##.....
 Beastly Appendage        Tmut           #.....       88%         1    ##.....
 Infusion                 Chrm           #...         88%         1    ##.....
 Shock                    Conj/Air       #...         88%         1    ##.....
 Sting                    Tmut/Pois      #...         88%         1    ##.....
 Summon Small Mammal      Summ           #...         88%         1    ##.....
 Call Imp                 Summ           #.......     95%         2    ###....
 Passwall                 Tmut/Erth      #.......     95%         2    ###....
 Poisonous Vapours        Pois/Air       #.....       95%         2    ###....
 Song of Slaying          Chrm           #.......     95%         2    ###....
 Sticks to Snakes         Tmut           #.......     95%         2    ###....
 Swiftness                Chrm/Air       #.......     95%         2    ###....
 Dazzling Flash           Conj/Hex       #.....       95%         3    ####...
 Inner Flame              Hex/Fire       #.......     95%         3    ####...
 Spectral Weapon          Hex/Chrm       #.......     95%         3    ####...
 Summon Guardian Golem    Hex/Summ       #.......     95%         3    ####...
 Recall                   Summ/Tloc      N/A          98%         3    ####...
 Call Canine Familiar     Summ           #.......     99%         3    ####...
 Ignite Poison            Fire/Tmut/Pois #.......     99%         3    ####...
 Mephitic Cloud           Conj/Pois/Air  #.......     99%         3    ####...
 Ozocubu's Armour         Chrm/Ice       #.......     99%         3    ####...
 Stone Arrow              Conj/Erth      #.....       99%         3    ####...
 Vampiric Draining        Necr           #.........   99%         3    ####...
 Cause Fear               Hex            #.........   99%         4    #####..
 Ice Form                 Ice/Tmut       #.......     100%        4    #####..
 Leda's Liquefaction      Hex/Erth       #.........   100%        4    #####..
 Olgreb's Toxic Radiance  Pois           #.......     100%        4    #####..
 Petrify                  Tmut/Erth      #.......     100%        4    #####..
 Summon Ice Beast         Ice/Summ       #.......     100%        4    #####..
 Summon Lightning Spire   Summ/Air       #.......     100%        4    #####..
 Aura of Abjuration       Summ           #.........   100%        5    ######.
 Blade Hands              Tmut           #.........   100%        5    ######.
 Bolt of Magma            Conj/Fire/Erth #.........   100%        5    ######.
 Irradiate                Conj/Tmut      #.........   100%        5    ######.
 Iskenderun's Battlesphe  Conj/Chrm      #.......     100%        5    ######.
 Silence                  Hex/Air        #.........   100%        5    ######.
 Summon Demon             Summ           #.........   100%        5    ######.
 Summon Forest            Summ/Tloc      #.........   100%        5    ######.
 Summon Mana Viper        Hex/Summ       #.......     100%        5    ######.
 Yara's Violent Unravell  Hex/Tmut       #.........   100%        5    ######.
 Conjure Ball Lightning   Conj/Air       #.........   100%        6    #######
 Eringya's Noxious Bog    Tmut/Pois      #.........   100%        6    #######
 Iron Shot                Conj/Erth      #.........   100%        6    #######
 Shadow Creatures         Summ           N/A          100%        6    #######
 Simulacrum               Ice/Necr       #.........   100%        6    #######
 Statue Form              Tmut/Erth      #........    100%        6    #######
 Orb of Destruction       Conj           #.........   100%        7    #######
 Spellforged Servitor     Conj/Summ      #.........   100%        7    #######
 Discord                  Hex            #.........   100%        8    #######
 Shatter                  Erth           #.........   100%        9    #######
 Tornado                  Air            #.........   100%        9    #######


Dungeon Overview and Level Annotations

Branches:
Dungeon (15/15)            Temple (1/1) D:4            Lair (6/6) D:9
 Shoals (4/4) Lair:3        Snake (4/4) Lair:3        Slime (5/5) Lair:6
    Orc (2/2) D:11            Elf (0/3) Orc:2        Vaults (4/5) D:13
  Crypt (0/3) Vaults:3     Depths (5/5) D:15            Zot (5/5) Depths:5
  Sewer (visited)         Ossuary (visited)          WizLab (visited)

Altars:
Ashenzari
Cheibriados
Dithmenos
Elyvilon
Fedhas
Gozag
Hepliaklqana
Kikubaaqudgha
Makhleb
Nemelex Xobeh
Okawaru
Qazlal
Ru
Sif Muna
Trog
Uskayaw
Vehumet
Wu Jian
Xom
Yredelemnul
Zin
The Shining One
Beogh
Jiyva
Lugonu

Shops:
D:5 (   D:6 :   D:13 [*   D:15 !   Orc:2 =*(?   Snake:2 [%}   Snake:3 %
Snake:4 !   Vaults:1 =   Vaults:2 :}?   Vaults:3 [   Vaults:4 !=%

Portals:
Hell: Depths:1 Depths:2 Depths:3 Depths:4 Depths:5
Abyss: Depths:4
Pandemonium: Depths:3 Depths:4
Ziggurat: Depths:1
Trove: Depths:1 (give 7 potions of haste)

Annotations:
D:7 2 transporters, Vruhak's ghost, novice HOFi
D:9 Erica
D:13 1 runed translucent door, Dittersdorf's ghost, journeyman MiBe
Lair:3 exclusion: oklob plant
Slime:5 Royal Jelly
Depths:2 1 transporter
Zot:4 2 transporters, exclusion: orange crystal statue


Innate Abilities, Weirdness & Mutations

You are too large for most types of armour.
You have claws for hands.
Your metabolism is lightning-fast.
You like to eat raw meat.
You heal very quickly.
You are covered in fur. (AC +1)
You have extremely tough skin. (AC +3)
You are partially covered in rugged brown scales. (AC +1, +3% HP)
You are mostly covered in yellow scales. (AC +3)
You tend to lose your temper in combat.
You have an increased reservoir of magic. (+10% MP)
You are resistant to electric shocks. (rElec)
Your spells are a little harder to cast, but a little more powerful.


Message History

The electric golem blinks!
You block the purple draconian's attack.
The tentacled monstrosity tentacle-slaps you but does no damage. x2
You block the tentacled monstrosity's attack.
* * * LOW HITPOINT WARNING * * *
The tentacled monstrosity constricts you!
Okay, then.
Magic courses through your body.
The electric golem fails to trigger a net trap.
You block the green draconian's attack. x2
The tentacled monstrosity tentacle-slaps you.
* * * LOW HITPOINT WARNING * * *
The tentacled monstrosity tentacle-slaps you but does no damage.
The tentacled monstrosity tentacle-slaps you.
* * * LOW HITPOINT WARNING * * *
The tentacled monstrosity constricts you.
The electric golem crackles and sizzles.
The purple draconian breathes dispelling energy at you.
The bolt of dispelling energy hits you!!!
You die...

^,***,,,,,,,,,,^,.......^...,*
*** *,,,,^,,,,,,,,..8.......,*
**,,,,,,,,,,,,..........**
***,,,,,,,,,,,........▓*
****,,{,,,,,.......▓*
#▓▓▓▓▓▓▓▓▓▓▓##.....▓▓
###.§.^...............##
##....##........^.......#*
####...###..^...@§d.........**
......###......*dX..........,*
.....## #..........^........,*
...J.# #..................^,*
...J## #...........8.......,*
....# #.........^..^......,*
....## #....)..............,*
.....# ##..................**
.....## ##................#*


You could see an orb of fire, an electric golem, a tentacled monstrosity, a
green draconian and a purple draconian (catching breath).

Vanquished Creatures
  3 orbs of fire (Zot:5)
  Mennas (Depths:4)
  2 juggernauts (Depths:5)
  Sojobo (Vaults:2)
  Margery (Depths:4)
  3 Killer Klowns
  Vashnia (Snake:4)
  A caustic shrike (Depths:5)
  Xtahua (Vaults:2)
  2 curse toes
  Jory (Vaults:2)
  10 golden dragons
  2 electric golems
  18 tentacled monstrosities
  Asterion (Depths:1)
  2 titans (Depths:3)
  10 Orb Guardians
  10 quicksilver dragons
  2 krakens
  10 death cobs
  A lich (Depths:5)
  Gastronok (Lair:1)
  14 storm dragons
  4 sphinxes (Depths:5)
  9 shadow dragons
  6 nagarajas
  Donald (Slime:5)
  7 draconian monks
  11 frost giants
  9 fire giants
  10 draconian knights
  5 tengu reavers
  A deep elf sorcerer (Depths:5)
  An orc warlord (Depths:3)
  8 vault wardens
  A ghost moth (Zot:4)
  An iron dragon (Depths:4)
  5 draconian scorchers
  2 deep elf elementalists (Depths:5)
  2 draconian stormcallers
  Louise (Snake:4)
  7 draconian shifters
  A curse skull (Vaults:3)
  17 very ugly things
  14 stone giants
  3 draconian annihilators
  5 ironheart preservers
  4 entropy weavers
  3 spriggan defenders
  4 vampire knights
  Azrael (D:11)
  8 black draconians
  A deep elf annihilator (Depths:3)
  9 green draconians
  2 deep elf demonologists (Depths:5)
  5 white draconians
  11 yellow draconians
  4 spark wasps
  The ghost of Elvor the Fighter, a journeyman MiHu of Okawaru (D:12)
  26 purple draconians
  2 minotaurs (Depths:3)
  16 red draconians
  8 ettins
  8 merfolk javelineers (Shoals:4)
  7 fire dragons
  The ghost of sinusoid the Grappler, a journeyman TrMo of Elyvilon (Lair:3)
  Snorg (D:11)
  An eidolon (Vaults:3)
  7 merfolk impalers
  2 deep elf death magi
  A mummy priest (Depths:3)
  A deep elf high priest (Depths:5)
  14 yaktaur captains
  Josephine (Lair:5)
  12 ogre magi
  Fannar (Lair:3)
  9 vault guards
  2 rakshasas
  A hydra (shapeshifter) (Depths:5)
  21 naga warriors
  4 death knights
  2 spriggan air magi
  2 merfolk aquamancers (Shoals:3)
  11 ice dragons
  A hell beast (Depths:4)
  8 hydras
  A catoblepas (Lair:6)
  37 two-headed ogres
  16 centaur warriors
  A queen ant (Lair:4)
  9 deep troll shamans
  9 death yaks (Lair:6)
  5 anacondas
  9 deep troll earth magi
  2 vampire magi
  11 hell knights (Depths:4)
  7 shock serpents
  12 spriggan berserkers
  12 tengu warriors
  A storm dragon zombie (Vaults:4)
  A dancing weapon (D:12)
  3 deep elf knights
  14 naga sharpshooters
  Urug (D:11)
  An iron golem (WizLab)
  Nergalle (Lair:1)
  5 iron trolls (Depths:2)
  A fire crab (shapeshifter) (WizLab)
  10 skeletal warriors
  A shadow wraith (Vaults:4)
  A salamander mystic (Depths:3)
  18 sea snakes
  3 unseen horrors (shapeshifter)
  A gelid demonspawn (Depths:4)
  5 naga ritualists
  2 lindwurms
  3 flayed ghosts
  24 deep trolls
  7 ironbrand convokers
  A kraken simulacrum (Shoals:4)
  5 deep elf archers
  An infernal demonspawn (Depths:4)
  10 deep elf magi
  14 harpies
  10 mana vipers
  4 wizards
  3 phantasmal warriors
  2 fire giant zombies
  11 orc knights
  41 ugly things
  A frost giant zombie (Depths:2)
  11 necromancers
  A wolf spider zombie (D:15)
  10 cyclopes
  An oklob plant (Lair:6)
  6 orc sorcerers
  14 manticores
  4 stone giant zombies
  23 elephants
  6 fauns
  A frost giant skeleton (Depths:2)
  2 fire giant skeletons
  7 salamanders
  6 water nymphs
  Maurice (D:11)
  2 water nymphs (shapeshifter) (Vaults:2)
  25 moths of wrath
  2 centaur zombies
  3 guardian serpents
  2 stone giant skeletons (Vaults:4)
  38 black mambas
  12 naga magi
  4 vault sentinels
  6 spiny frogs
  5 gargoyles
  An elf zombie (Depths:2)
  An orange demon (Depths:4)
  6 centaur skeletons
  2 spiny frogs (shapeshifter) (Vaults:4)
  42 yaktaurs
  2 yaktaur zombies
  A hellwing (Depths:4)
  2 efreet
  11 freezing wraiths
  3 yaktaur skeletons (Vaults:4)
  10 komodo dragons
  A jumping spider (shapeshifter) (WizLab)
  A queen bee (shapeshifter) (WizLab)
  5 tengu conjurers
  A meliai (shapeshifter) (Depths:5)
  7 trolls
  4 wind drakes
  33 merfolk
  2 tengu simulacra
  2 polar bears (Lair:6)
  6 slime creatures (D:12)
  A jumping spider (Vaults:4)
  A sphinx simulacrum (Vaults:3)
  A blink frog (shapeshifter) (WizLab)
  20 blink frogs
  11 dream sheep
  4 hornets
  A stone giant simulacrum (Vaults:2)
  2 human simulacra
  12 hippogriffs
  12 snapping turtles
  3 redbacks (Vaults:4)
  16 water elementals
  4 hogs (D:8)
  A tarantella (Vaults:1)
  A wyvern (Lair:3)
  4 small abominations (WizLab)
  39 yaks
  2 spriggans (Depths:3)
  4 vampires (Depths:3)
  A spriggan skeleton (Depths:2)
  4 fire elementals
  A yak (shapeshifter) (WizLab)
  A human (D:8)
  8 wraiths
  6 basilisks
  A hungry ghost (D:8)
  A steam dragon (D:10)
  A chaos spawn (Depths:4)
  5 human zombies
  5 vampire mosquitoes
  3 wargs
  47 nagas
  2 acid dragons
  A large abomination (WizLab)
  A deep troll zombie (Vaults:4)
  13 water moccasins
  26 soldier ants
  2 hell hounds (D:12)
  9 porcupines
  27 orc warriors
  4 sky beasts
  3 ice beasts
  A black bear (Lair:6)
  4 phantoms
  56 ogres
  A necrophage (D:12)
  5 wolves
  12 boggarts
  16 centaurs
  A centaur (shapeshifter) (Depths:3)
  An elf skeleton (Vaults:4)
  A human skeleton (Vaults:4)
  An orc skeleton (Vaults:1)
  A crocodile (shapeshifter) (Depths:2)
  8 crocodiles
  4 big kobolds
  An earth elemental (D:13)
  19 bullfrogs
  A gnoll sergeant (D:8)
  3 scorpions
  6 jellies
  8 killer bees
  12 wights
  11 howler monkeys
  An electric eel (Snake:2)
  9 crimson imps
  4 quasits
  3 bullfrog zombies
  11 orc wizards
  2 bullfrog skeletons
  7 hounds
  13 orc priests
  A gnoll shaman (D:6)
  6 iguanas
  Jessica (D:2)
  25 worker ants
  7 merfolk sirens
  4 merfolk avatars
  A hound zombie (D:6)
  2 hound skeletons (D:11)
  9 mummies
  Robin (D:2)
  7 gnolls
  20 adders
  4 river rats (Sewer)
  5 shadow imps
  3 white imps (Depths:4)
  An ufetubus (Depths:4)
  An adder skeleton (D:4)
  A worm (D:2)
  A dart slug (D:2)
  8 leopard geckos
  90 orcs
  10 bats
  9 giant cockroaches
  15 goblins
  9 hobgoblins
  14 jackals
  6 quokkas
  7 ball pythons
  9 frilled lizards
  A gnoll zombie (Ossuary)
  2 hobgoblin zombies (Ossuary)
  A jackal skeleton (D:9)
  A jackal zombie (D:4)
  34 kobolds
  A kobold zombie (Ossuary)
  A leopard gecko skeleton (D:6)
  4 orc zombies (Ossuary)
  A quokka skeleton (D:7)
  21 rats
  2 plants (Lair:6)
  8 tentacles
2012 creatures vanquished.

Vanquished Creatures (collateral kills)
  A stone giant (Depths:3)
1 creature vanquished.

Vanquished Creatures (others)
  An acid blob (Depths:3)
  2 nagarajas (Snake:4)
  A deep elf sorcerer (Depths:3)
  2 draconian shifters
  A draconian stormcaller (Zot:3)
  A spriggan defender (Depths:3)
  A white draconian (Zot:1)
  A purple draconian (Zot:1)
  5 great orbs of eyes
  2 vault guards (Vaults:2)
  3 glowing orange brains
  A spriggan air mage (Depths:3)
  A centaur warrior (Depths:3)
  A two-headed ogre (Vaults:1)
  An ogre mage (Vaults:1)
  A skeletal warrior (D:15)
  An unseen horror (Vaults:1)
  A deep troll (shapeshifter) (WizLab)
  A sea snake (shapeshifter) (WizLab)
  3 wizards
  An orb spider (shapeshifter) (WizLab)
  2 deep elf magi (Vaults:3)
  A cyclops (shapeshifter) (WizLab)
  A shining eye (shapeshifter) (WizLab)
  2 moths of wrath
  2 cyclopes
  A centaur zombie (D:15)
  A moth of wrath (shapeshifter) (D:15)
  An elephant (shapeshifter) (WizLab)
  2 naga magi
  A water nymph (shapeshifter) (WizLab)
  A guardian serpent (shapeshifter) (WizLab)
  A centaur skeleton (D:15)
  An eye of devastation (shapeshifter) (WizLab)
  A spiny frog (shapeshifter) (WizLab)
  A rime drake (shapeshifter) (Depths:5)
  A komodo dragon (shapeshifter) (Vaults:1)
  2 yaktaurs
  A tengu conjurer (Depths:5)
  15 slime creatures
  A slime creature (shapeshifter) (WizLab)
  A polar bear (shapeshifter) (WizLab)
  A troll (shapeshifter) (WizLab)
  2 wind drakes (shapeshifter) (D:15)
  A dream sheep (Shoals:3)
  A redback (shapeshifter) (WizLab)
  A spriggan (shapeshifter) (WizLab)
  A wyvern (D:15)
  2 golden eyes (shapeshifter) (WizLab)
  A basilisk (shapeshifter) (WizLab)
  3 nagas
  A swamp worm (shapeshifter) (WizLab)
  An acid dragon (shapeshifter) (WizLab)
  A soldier ant (shapeshifter) (Vaults:2)
  7 floating eyes
  2 orc warriors
  An eye of draining (shapeshifter) (WizLab)
  A black bear (shapeshifter) (Vaults:3)
  A boggart (Vaults:1)
  A centaur (D:14)
  A big kobold (D:12)
  A wyvern zombie (D:12)
  A small abomination (WizLab)
  An electric eel (Snake:2)
  352 jellies
  An iron imp (Depths:3)
  A river rat (Zot:5)
  An ooze (shapeshifter) (WizLab)
  2 orcs (Vaults:1)
  A giant cockroach (shapeshifter) (WizLab)
  A kobold (D:12)
  9 fungi
  15 plants
  27 tentacles
515 creatures vanquished.

Grand Total: 2528 creatures vanquished

Notes
Turn   | Place    | Note
-------+----------+-------------------------------------------
     0 | D:1      | KleinerIrrer the Troll Arcane Marksman began the quest for
                  | the Orb.
     0 | D:1      | Reached XP level 1. HP: 18/18 MP: 1/1
   119 | D:1      | Reached XP level 2. HP: 24/26 MP: 2/2
   400 | D:1      | Reached skill level 1 in Unarmed Combat
   525 | D:2      | Reached XP level 3. HP: 32/32 MP: 3/3
   540 | D:2      | Noticed Robin
   575 | D:2      | Killed Robin
   671 | D:2      | Reached skill level 1 in Fighting
   671 | D:2      | Reached XP level 4. HP: 41/41 MP: 4/4
   681 | D:2      | Learned a level 3 spell: Portal Projectile
   799 | D:2      | Reached skill level 2 in Unarmed Combat
   802 | D:2      | Noticed Jessica
   810 | D:2      | Killed Jessica
   810 | D:2      | Reached skill level 3 in Unarmed Combat
   810 | D:2      | Reached XP level 5. HP: 45/48 MP: 5/5
   861 | D:2      | Found a white marble altar of Elyvilon.
   955 | D:2      | Found a faded altar of an unknown god.
  1748 | D:3      | Found a sacrificial altar of Ru.
  1751 | D:3      | Found a shadowy altar of Dithmenos.
  2436 | D:4      | Found a staircase to the Ecumenical Temple.
  2447 | Temple   | Entered the Ecumenical Temple
  2542 | D:4      | Reached skill level 4 in Unarmed Combat
  2542 | D:4      | Reached XP level 6. HP: 47/55 MP: 6/6
  2779 | D:4      | Found a basalt altar of Yredelemnul.
  3014 | D:4      | Found a shadowy altar of Dithmenos.
  3152 | D:4      | Reached skill level 5 in Unarmed Combat
  3267 | D:5      | Entered Level 5 of the Dungeon
  3294 | D:5      | Reached XP level 7. HP: 63/63 MP: 7/7
  3462 | D:5      | Found Kedeist's Weapon Shoppe.
  3618 | D:5      | Reached skill level 6 in Unarmed Combat
  3770 | D:5      | Found a snail-covered altar of Cheibriados.
  3907 | D:5      | Found a glowing silver altar of Zin.
  4101 | D:6      | Reached skill level 7 in Unarmed Combat
  4101 | D:6      | Reached XP level 8. HP: 62/72 MP: 8/8
  4205 | D:6      | Found a glowing drain.
  4209 | Sewer    | Entered a sewer
  4362 | Sewer    | Reached skill level 1 in Translocations
  4938 | D:6      | Found Zikaim's Book Shoppe.
  5579 | D:6      | Reached skill level 8 in Unarmed Combat
  5616 | D:7      | Found a transporter.
  5673 | D:7      | Found a sand-covered staircase.
  5694 | D:7      | HP: 3/72 [poisoned by a killer bee]
  5695 | Ossuary  | Entered an ossuary
  6050 | Ossuary  | Gained mutation: You heal very quickly. [potion of
                  | mutation]
  6050 | Ossuary  | Gained mutation: You possess an exceptional clarity of
                  | mind. [potion of mutation]
  6050 | Ossuary  | Gained mutation: Your skin changes colour to match your
                  | surroundings (Stealth+). [potion of mutation]
  6105 | D:7      | Reached XP level 9. HP: 13/79 MP: 11/11
  6462 | D:7      | Found a transporter.
  6462 | D:7      | Noticed a moth of wrath
  6462 | D:7      | Noticed Vruhak's ghost (novice HOFi)
  6465 | D:7      | Found a bloodstained altar of Trog.
  6504 | D:7      | Reached skill level 9 in Unarmed Combat
  6997 | D:8      | Found a glowing golden altar of the Shining One.
  7008 | D:8      | Found a hide-covered altar of Uskayaw.
  7076 | D:8      | Reached skill level 10 in Unarmed Combat
  7222 | D:8      | Found an opulent altar of Gozag.
  7230 | D:8      | Found a shattered altar of Ashenzari.
  7284 | D:8      | Found an ornate altar of the Wu Jian Council.
  7452 | D:8      | Reached skill level 11 in Unarmed Combat
  7513 | D:8      | Reached XP level 10. HP: 91/91 MP: 12/12
  7557 | D:8      | Found a hazy altar of Hepliaklqana.
  8196 | D:9      | Reached skill level 12 in Unarmed Combat
  8303 | D:9      | Noticed a two-headed ogre
  8350 | D:9      | Noticed Erica
  8567 | D:9      | Found a shimmering altar of Xom.
  8741 | D:9      | Found a staircase to the Lair.
  8825 | D:9      | Found a blossoming altar of Fedhas.
  8952 | D:9      | Noticed a brown ugly thing
  8971 | D:9      | Killed a brown ugly thing
  8971 | D:9      | Reached skill level 13 in Unarmed Combat
  9099 | D:9      | Found a basalt altar of Yredelemnul.
  9167 | D:9      | Found a radiant altar of Vehumet.
  9401 | D:10     | Entered Level 10 of the Dungeon
  9452 | D:10     | Reached XP level 11. HP: 89/98 MP: 13/13
 10076 | Lair:1   | Entered Level 1 of the Lair of Beasts
 10311 | Lair:1   | Reached skill level 5 in Throwing
 10479 | Lair:1   | Reached skill level 14 in Unarmed Combat
 11007 | Lair:1   | Noticed Nergalle
 11017 | Lair:1   | Killed Nergalle
 11055 | Lair:1   | Noticed Gastronok
 11070 | Lair:1   | Killed Gastronok
 11070 | Lair:1   | Reached skill level 15 in Unarmed Combat
 11375 | Lair:2   | Reached XP level 12. HP: 102/109 MP: 14/14
 11978 | Lair:3   | Found a staircase to the Shoals.
 12159 | Lair:3   | Noticed Fannar
 12323 | Lair:3   | Reached skill level 16 in Unarmed Combat
 12531 | Lair:3   | Found a runed translucent door.
 12531 | Lair:3   | Noticed sinusoid's ghost (journeyman TrMo)
 12554 | Lair:3   | Killed sinusoid's ghost
 12646 | Lair:3   | Found a snail-covered altar of Cheibriados.
 12691 | Lair:3   | Reached skill level 5 in Fighting
 12873 | Lair:3   | Found a staircase to the Snake Pit.
 13012 | Lair:3   | Killed Fannar
 13084 | Lair:4   | Noticed a six-headed hydra
 13298 | Lair:4   | Noticed a queen ant
 13334 | Lair:4   | Killed a queen ant
 13392 | Lair:4   | Noticed an entropy weaver
 13552 | Lair:3   | Killed an entropy weaver
 13552 | Lair:3   | Reached skill level 17 in Unarmed Combat
 13755 | Lair:3   | Killed a six-headed hydra
 13807 | Lair:4   | Reached XP level 13. HP: 110/118 MP: 15/15
 13823 | Lair:4   | Noticed an entropy weaver
 13855 | Lair:3   | HP: 5/118 [entropy weaver (10)]
 13860 | Lair:2   | HP: 4/118 [poisoned by a soldier ant]
 14141 | Lair:5   | Noticed Josephine
 14510 | D:11     | Noticed Maurice
 14523 | D:11     | Killed Maurice
 14628 | D:11     | Found a staircase to the Orcish Mines.
 15314 | D:11     | Identified a scroll of acquirement
 15318 | D:11     | Acquired the +0 mask of the Dragon {MR+ Slay+3 SInv}
 15319 | D:11     | Found the +0 mask of the Dragon {MR+ Slay+3 SInv}
 15561 | D:12     | Noticed Urug
 15616 | D:12     | Noticed Azrael
 15696 | D:11     | Killed Urug
 15833 | D:11     | Killed Azrael
 15915 | D:12     | Reached skill level 18 in Unarmed Combat
 15945 | D:12     | Found a runed translucent door.
 15945 | D:12     | Found a shimmering altar of Xom.
 15945 | D:12     | Noticed Elvor's ghost (journeyman MiHu)
 16300 | D:12     | Identified the +9 lajatang of Trauma {freeze, Str+3 Int+3}
 16300 | D:12     | Identified the amulet "Wuihimeo" {+Fly rElec rF+ Regen+}
 16647 | Lair:3   | Killed an entropy weaver
 17123 | Lair:4   | Reached XP level 14. HP: 127/130 MP: 16/16
 17798 | Lair:5   | Killed Josephine
 17995 | Lair:5   | Reached skill level 19 in Unarmed Combat
 18728 | Lair:6   | Entered Level 6 of the Lair of Beasts
 19957 | Lair:6   | Reached skill level 10 in Throwing
 20095 | Lair:6   | Reached skill level 20 in Unarmed Combat
 20640 | Lair:6   | Reached XP level 15. HP: 139/139 MP: 17/17
 20806 | Lair:6   | Found a viscous altar of Jiyva.
 20806 | Lair:6   | Found a staircase to the Slime Pits.
 20810 | Lair:6   | Became a worshipper of Jiyva Juup the Shapeless
 20813 | Slime:1  | Entered Level 1 of the Pits of Slime
 20833 | Slime:2  | Noticed an acid blob
 20833 | Slime:2  | Noticed an acid blob
 20836 | Slime:2  | Noticed an acid blob
 20837 | Slime:2  | Noticed an azure jelly
 20839 | Slime:2  | Noticed an acid blob
 20852 | Slime:5  | Entered Level 5 of the Pits of Slime
 20863 | Slime:5  | Noticed an acid blob
 20866 | Slime:5  | Noticed Donald
 20886 | Slime:5  | Killed Donald
 20892 | Slime:5  | Noticed an azure jelly
 20900 | Slime:5  | Found a viscous altar of Jiyva.
 21146 | Orc:1    | Entered Level 1 of the Orcish Mines
 21265 | Orc:1    | Found a bloodstained altar of Trog.
 21334 | Orc:2    | Entered Level 2 of the Orcish Mines
 21346 | Orc:2    | Noticed Snorg
 21461 | D:11     | Reached * piety under Jiyva
 21475 | D:11     | Killed Snorg
 21765 | Orc:2    | Reached ** piety under Jiyva
 21789 | Orc:2    | Found a staircase to the Elven Halls.
 21864 | Orc:2    | Reached skill level 1 in Shields
 21878 | Orc:2    | Reached *** piety under Jiyva
 21897 | Orc:2    | Reached **** piety under Jiyva
 21935 | Orc:2    | Reached skill level 1 in Armour
 21981 | Orc:1    | Paralysed by an orc sorcerer for 7 turns
 22085 | Orc:1    | Lost mutation: You possess an exceptional clarity of mind.
                  | [Jiyva's grace]
 22095 | Orc:1    | Reached ***** piety under Jiyva
 22096 | Orc:1    | Gained mutation: Your body sometimes deteriorates upon
                  | taking damage. [Jiyva's grace]
 22313 | Orc:2    | Gained mutation: You have a small jelly attached to you
                  | that senses nearby items. [Jiyva's grace]
 22372 | Orc:2    | Reached ****** piety under Jiyva
 22388 | Orc:2    | Lost mutation: Your body sometimes deteriorates upon taking
                  | damage. [Jiyva's grace]
 22395 | Orc:2    | Found Ikioraem's Antique Weapon Emporium.
 22395 | Orc:2    | Found Egithram's Jewellery Boutique.
 22408 | Orc:2    | Found Mynaf's General Store.
 22408 | Orc:2    | Found Dirij's Magic Scroll Shop.
 22419 | Orc:2    | Bought a scroll of identify for 30 gold pieces
 22419 | Orc:2    | Bought a scroll of fear for 52 gold pieces
 22419 | Orc:2    | Bought a scroll of teleportation for 45 gold pieces
 22419 | Orc:2    | Bought a scroll of fear for 52 gold pieces
 22419 | Orc:2    | Bought a scroll of magic mapping for 52 gold pieces
 22419 | Orc:2    | Bought a scroll of fear for 52 gold pieces
 22420 | Orc:2    | Bought a scroll of magic mapping for 42 gold pieces
 22420 | Orc:2    | Bought a scroll of blinking for 90 gold pieces
 22420 | Orc:2    | Bought a potion of heal wounds for 60 gold pieces
 22452 | Orc:2    | Found a roughly hewn altar of Beogh.
 22633 | D:11     | Gained mutation: Your system is resistant to poisons.
                  | (rPois) [Jiyva's grace]
 22836 | Slime:5  | Gained mutation: Your body has grown golden eyes which may
                  | confuse attackers. (Acc +3) [Jiyva's grace]
 22845 | Slime:5  | Gained mutation: Your mind is acute. (Int +2) [Jiyva's
                  | grace]
 22848 | Slime:5  | Gained mutation: Your mind is very acute. (Int +4) [Jiyva's
                  | grace]
 22850 | Slime:5  | Lost mutation: You heal very quickly. [Jiyva's grace]
 22862 | Slime:5  | Noticed an acid blob
 22869 | Slime:5  | Identified Puckec's Lost Secrets of Spellcraft
 22874 | Slime:5  | Noticed an acid blob
 22904 | Slime:5  | Got a slimy rune of Zot
 22914 | Slime:5  | Acquired a manual of Armour
 22919 | Slime:5  | Got a slimy wooden ring
 22920 | Slime:5  | Identified the ring "Billy" {+Fly rElec rF+} (You found it
                  | on level 5 of the Pits of Slime)
 22929 | Slime:5  | Noticed the Royal Jelly
 23005 | Lair:5   | Gained mutation: Your spells are a little harder to cast,
                  | but a little more powerful. [Jiyva's grace]
 23046 | Snake:1  | Entered Level 1 of the Snake Pit
 23341 | Snake:1  | Reached skill level 21 in Unarmed Combat
 23530 | Snake:1  | Lost mutation: Your body has grown golden eyes which may
                  | confuse attackers. (Acc +3) [Jiyva's grace]
 23592 | Snake:1  | Gained mutation: You have a somewhat thin skeletal
                  | structure. (Dex +2, Stealth) [Jiyva's grace]
 24379 | Snake:1  | Lost mutation: Your spells are a little harder to cast, but
                  | a little more powerful. [Jiyva's grace]
 24660 | Snake:2  | Found Fiagh's Gadget Boutique.
 24729 | Snake:2  | Reached XP level 16. HP: 113/149 MP: 18/18
 25201 | Snake:2  | Found Dahess's Food Shoppe.
 25204 | Snake:2  | Found Onennaw's Antique Armour Emporium.
 25227 | Snake:2  | Reached skill level 5 in Shields
 25454 | Snake:2  | Gained mutation: You are resistant to hostile enchantments.
                  | (MR+) [Jiyva's grace]
 25678 | D:11     | Gained mutation: Your body sometimes deteriorates upon
                  | taking damage. [Jiyva's grace]
 25724 | D:12     | Lost mutation: You are resistant to hostile enchantments.
                  | (MR+) [Jiyva's grace]
 25786 | D:12     | Reached skill level 5 in Armour
 25893 | D:12     | Killed Elvor's ghost
 26004 | D:12     | Lost mutation: You have a small jelly attached to you that
                  | senses nearby items. [Jiyva's grace]
 26128 | D:13     | Noticed Dittersdorf's ghost (journeyman MiBe)
 26134 | D:13     | Found a runed translucent door.
 26353 | D:13     | Found Mylod's Antique Armour Emporium.
 26362 | D:13     | Bought a runed cloak for 270 gold pieces
 26456 | D:13     | Found Ritumuh's Pet Rocks.
 26622 | D:13     | Bought 5 large rocks for 38 gold pieces
 26622 | D:13     | Bought 3 large rocks for 23 gold pieces
 26622 | D:13     | Bought 4 large rocks for 30 gold pieces
 26716 | D:13     | Found a gate to the Vaults.
 26814 | D:13     | You fall into a shaft and drop 2 floors!
 26814 | D:15     | Entered Level 15 of the Dungeon
 27096 | D:14     | Lost mutation: Your body sometimes deteriorates upon taking
                  | damage. [Jiyva's grace]
 27192 | D:14     | Gained mutation: You have a small jelly attached to you
                  | that may absorb incoming projectiles. [Jiyva's grace]
 27646 | D:13     | Gained mutation: You are agile. (Dex +2) [Jiyva's grace]
 27706 | D:13     | Gained mutation: Your body has grown golden eyes which may
                  | confuse attackers. (Acc +3) [Jiyva's grace]
 27838 | D:15     | Found Keyvagh's Distillery.
 27904 | D:15     | Bought a potion of invisibility for 136 gold pieces
 27904 | D:15     | Bought a potion of might for 68 gold pieces
 28148 | D:15     | Found a staircase to the Depths.
 28273 | D:15     | Gained mutation: You are partially covered in large bone
                  | plates. (SH +4) [Jiyva's grace]
 28605 | D:11     | Lost mutation: Your mind is very acute. (Int +4) [Jiyva's
                  | grace]
 28724 | Shoals:1 | Entered Level 1 of the Shoals
 28982 | Shoals:1 | Lost mutation: Your mind is acute. (Int +2) [Jiyva's grace]
 29118 | Shoals:1 | Reached XP level 17. HP: 138/156 MP: 19/19
 29322 | Shoals:1 | Reached skill level 22 in Unarmed Combat
 29821 | Snake:2  | Lost mutation: You have a somewhat thin skeletal structure.
                  | (Dex +2, Stealth) [Jiyva's grace]
 29969 | Snake:3  | Found a shattered altar of Ashenzari.
 29996 | Snake:3  | Found Rula's Food Shop.
 30005 | Snake:3  | Gained mutation: Your rubbery body absorbs attacks. (AC +1,
                  | EV +1) [Jiyva's grace]
 30328 | Snake:3  | Lost mutation: You are agile. (Dex +2) [Jiyva's grace]
 30558 | Snake:4  | Entered Level 4 of the Snake Pit
 30614 | Snake:4  | Found a blossoming altar of Fedhas.
 30620 | Snake:4  | Noticed Louise
 30650 | Snake:4  | Killed Louise
 30986 | Snake:4  | Gained mutation: You are robust. (+10% HP) [Jiyva's grace]
 31003 | Snake:4  | Lost mutation: Your system is resistant to poisons. (rPois)
                  | [Jiyva's grace]
 31024 | Snake:4  | Lost mutation: Your skin changes colour to match your
                  | surroundings (Stealth+). [Jiyva's grace]
 31024 | Snake:4  | Gained mutation: Your translucent skin slightly reduces
                  | your foes' accuracy. (Stealth) [Jiyva's grace]
 31366 | Snake:4  | Found Daecyit's Distillery.
 31374 | Snake:4  | Bought a potion of haste for 190 gold pieces
 31386 | Snake:4  | Gained mutation: Your translucent skin reduces your foes'
                  | accuracy. (Stealth) [Jiyva's grace]
 31793 | Snake:4  | Gained mutation: You have acidic saliva. [Jiyva's grace]
 32168 | Snake:4  | Gained mutation: Your flesh is heat resistant. (rF+)
                  | [Jiyva's grace]
 32210 | Snake:4  | Gained mutation: You have a pair of small antennae on your
                  | head. [Jiyva's grace]
 32257 | Snake:4  | Noticed Vashnia
 32464 | Snake:4  | Killed Vashnia
 32625 | Snake:4  | Lost mutation: Your rubbery body absorbs attacks. (AC +1,
                  | EV +1) [Jiyva's grace]
 32714 | Snake:4  | Reached skill level 10 in Shields
 32766 | Snake:4  | Got a serpentine rune of Zot
 33052 | D:10     | Gained mutation: Armour fits poorly on your pseudopods.
                  | [Jiyva's grace]
 33136 | Vaults:1 | Entered Level 1 of the Vaults
 33201 | Vaults:1 | Reached XP level 18. HP: 181/181 MP: 20/20
 33440 | Vaults:1 | Gained mutation: Your rubbery body absorbs attacks. (AC +1,
                  | EV +1) [Jiyva's grace]
 33503 | Vaults:1 | Lost mutation: Your translucent skin reduces your foes'
                  | accuracy. (Stealth) [Jiyva's grace]
 33545 | Vaults:1 | Lost mutation: You are robust. (+10% HP) [Jiyva's grace]
 33842 | Vaults:1 | Gained mutation: You are covered in slimy tendrils that may
                  | disarm your opponents. [Jiyva's grace]
 33861 | Vaults:1 | Lost mutation: You have a small jelly attached to you that
                  | may absorb incoming projectiles. [Jiyva's grace]
 34102 | Vaults:1 | Gained mutation: You have a small jelly attached to you
                  | that may absorb incoming projectiles. [Jiyva's grace]
 34142 | Vaults:1 | Lost mutation: You are covered in slimy tendrils that may
                  | disarm your opponents. [Jiyva's grace]
 34254 | Vaults:1 | Found Qurph's Jewellery Shoppe.
 34558 | D:13     | Gained mutation: You are covered in slimy tendrils that may
                  | disarm your opponents. [Jiyva's grace]
 34647 | Orc:2    | Bought an uncursed ring of poison resistance for 240 gold
                  | pieces
 34805 | Vaults:2 | Noticed Sojobo
 34838 | Vaults:2 | Killed Sojobo
 34838 | Vaults:2 | Reached skill level 23 in Unarmed Combat
 34993 | Vaults:2 | Gained mutation: Your spells are a little harder to cast,
                  | but a little more powerful. [Jiyva's grace]
 35122 | Vaults:1 | Gained mutation: You have sharp toenails. [Jiyva's grace]
 35152 | Vaults:2 | Reached skill level 10 in Armour
 35228 | Vaults:2 | Lost mutation: You have sharp toenails. [Jiyva's grace]
 35478 | Vaults:2 | Noticed Jory
 35506 | Vaults:2 | Killed Jory
 35623 | Vaults:2 | Found Fopipner's Magic Scroll Shoppe.
 35631 | Vaults:2 | Bought a scroll of teleportation for 51 gold pieces
 35631 | Vaults:2 | Bought a scroll of magic mapping for 59 gold pieces
 35631 | Vaults:2 | Bought a scroll of teleportation for 51 gold pieces
 35631 | Vaults:2 | Bought a scroll of fog for 34 gold pieces
 35711 | Vaults:2 | Found Geilo's Gadget Shop.
 35742 | Vaults:2 | Gained mutation: You expend magic power (3 MP) to
                  | strengthen your wands. [Jiyva's grace]
 35748 | Vaults:2 | Noticed Xtahua
 35756 | Vaults:2 | Killed Xtahua
 35897 | Vaults:2 | Lost mutation: You have a pair of small antennae on your
                  | head. [Jiyva's grace]
 35913 | Vaults:2 | Reached XP level 19. HP: 172/172 MP: 21/21
 36135 | Vaults:2 | Found Kuhuphifir's Book Boutique.
 36703 | Vaults:3 | Found Vyam's Antique Armour Shop.
 36865 | Vaults:3 | Found a magical portal.
 36882 | WizLab   | Entered Cigotuvi's Fleshworks
 37072 | WizLab   | Gained mutation: You are partially covered in rugged brown
                  | scales. (AC +1, +3% HP) [Jiyva's grace]
 37106 | WizLab   | Found the -2 hat of the Alchemist {rElec rPois rF+ rC+ rN+
                  | MR+ rMut rCorr}
 37204 | WizLab   | Identified Cigotuvi's Collected Works on Doomed Moulding
 37205 | WizLab   | Lost mutation: You have a small jelly attached to you that
                  | may absorb incoming projectiles. [Jiyva's grace]
 37211 | WizLab   | Identified Sif Muna's Collected Works on Changing
 37213 | WizLab   | Identified the Volume of Transformation
 37357 | Vaults:3 | Found a staircase to the Crypt.
 37378 | Vaults:3 | Paralysed by a vampire knight for 3 turns
 37440 | Vaults:3 | Gained mutation: You are frail. (-10% HP) [Jiyva's grace]
 37779 | Vaults:3 | Lost mutation: You expend magic power (3 MP) to strengthen
                  | your wands. [Jiyva's grace]
 37944 | Vaults:3 | Gained mutation: Armour fits poorly on your large
                  | pseudopods. [Jiyva's grace]
 38203 | Vaults:3 | Lost mutation: Your spells are a little harder to cast, but
                  | a little more powerful. [Jiyva's grace]
 38827 | Vaults:4 | Found Bomuy's Distillery.
 38837 | Vaults:4 | Bought a potion of heal wounds for 100 gold pieces
 39358 | Vaults:4 | Lost mutation: Your rubbery body absorbs attacks. (AC +1,
                  | EV +1) [Jiyva's grace]
 39599 | Vaults:4 | Gained mutation: You passively map a small area around you.
                  | [Jiyva's grace]
 39704 | Vaults:4 | Gained mutation: You expend magic power (3 MP) to
                  | strengthen your wands. [Jiyva's grace]
 39731 | Vaults:4 | Gained mutation: You have a small jelly attached to you
                  | that senses nearby items. [Jiyva's grace]
 39909 | Vaults:4 | Gained mutation: You are surrounded by a mild repulsion
                  | field. (EV +2) [Jiyva's grace]
 40104 | Vaults:4 | Found Ycwaan's Food Emporium.
 40208 | Vaults:4 | Found Qurigg's Jewellery Emporium.
 40216 | Vaults:4 | Bought the ring of Idghis {Wiz rN++ MR+ Dex+2} for 802 gold
                  | pieces
 40903 | Shoals:3 | Reached XP level 20. HP: 152/167 MP: 22/22
 41089 | Shoals:3 | Lost mutation: You have acidic saliva. [Jiyva's grace]
 41120 | Shoals:3 | Gained mutation: You passively map the area around you.
                  | [Jiyva's grace]
 41175 | Shoals:3 | Gained mutation: You are resistant to electric shocks.
                  | (rElec) [Jiyva's grace]
 41332 | Shoals:3 | Reached skill level 24 in Unarmed Combat
 41564 | Shoals:4 | Entered Level 4 of the Shoals
 41564 | Shoals:4 | Found the ring of Phasing {EV+8}
 41618 | Shoals:4 | Gained mutation: Your system is resistant to poisons.
                  | (rPois) [Jiyva's grace]
 41631 | Shoals:4 | Identified the ring "Qeuh Hoi" {Dex+2 SInv} (You found it
                  | on level 4 of the Shoals)
 41650 | Shoals:4 | Lost mutation: Armour fits poorly on your large pseudopods.
                  | [Jiyva's grace]
 41702 | Shoals:4 | Lost mutation: Your system is resistant to poisons. (rPois)
                  | [Jiyva's grace]
 41897 | Shoals:4 | Gained mutation: Your muscles are strong. (Str +2) [Jiyva's
                  | grace]
 42125 | Shoals:4 | Gained mutation: Armour fits poorly on your large
                  | pseudopods. [Jiyva's grace]
 42444 | Shoals:3 | Lost mutation: You expend magic power (3 MP) to strengthen
                  | your wands. [Jiyva's grace]
 42554 | Shoals:4 | Lost mutation: You are frail. (-10% HP) [Jiyva's grace]
 42890 | Shoals:4 | Lost mutation: Your muscles are strong. (Str +2) [Jiyva's
                  | grace]
 43049 | Shoals:4 | Lost mutation: You are surrounded by a mild repulsion
                  | field. (EV +2) [Jiyva's grace]
 43240 | Shoals:4 | Gained mutation: You are robust. (+10% HP) [Jiyva's grace]
 43291 | Shoals:4 | Got a barnacled rune of Zot
 43585 | Depths:1 | Entered Level 1 of the Depths
 43777 | Depths:1 | Found a gateway to a ziggurat.
 44051 | Depths:1 | Lost mutation: You are robust. (+10% HP) [Jiyva's grace]
 44087 | Depths:1 | Lost mutation: You are partially covered in large bone
                  | plates. (SH +4) [Jiyva's grace]
 44096 | Depths:1 | Gained mutation: You are somewhat resistant to further
                  | mutation. [Jiyva's grace]
 44355 | Depths:1 | Noticed Asterion
 44372 | Depths:1 | Killed Asterion
 44392 | Depths:1 | Gained mutation: Your muscles are strong. (Str +2) [Jiyva's
                  | grace]
 44470 | Depths:1 | Found a portal to a secret trove of treasure.
 44576 | Depths:1 | Found a gateway to Hell.
 44797 | Depths:1 | Found a bloodstained altar of Trog.
 45169 | Depths:1 | Gained mutation: Your translucent skin reduces your foes'
                  | accuracy. (Stealth) [Jiyva's grace]
 45208 | Depths:2 | Reached XP level 21. HP: 178/194 MP: 23/23
 45667 | Depths:2 | Noticed a juggernaut
 45867 | Depths:2 | Lost mutation: You passively map the area around you.
                  | [Jiyva's grace]
 45883 | Depths:2 | Gained mutation: You are resistant to hostile enchantments.
                  | (MR+) [Jiyva's grace]
 45925 | Depths:2 | Gained mutation: You have a small jelly attached to you
                  | that may absorb incoming projectiles. [Jiyva's grace]
 45962 | Depths:2 | Lost mutation: You are resistant to hostile enchantments.
                  | (MR+) [Jiyva's grace]
 46047 | Depths:2 | Found a transporter.
 46434 | Depths:3 | Lost mutation: You have a small jelly attached to you that
                  | may absorb incoming projectiles. [Jiyva's grace]
 46606 | Depths:3 | Noticed the Enchantress
 46626 | Depths:3 | Slimified the Enchantress
 46626 | Depths:3 | Noticed the Enchantress
 46626 | Depths:3 | the Enchantress changed into the Enchantress the acid blob
 46631 | Depths:3 | Killed the Enchantress the acid blob
 46658 | Depths:3 | Lost mutation: Your muscles are strong. (Str +2) [Jiyva's
                  | grace]
 46723 | Depths:3 | Gained mutation: Your body has grown many golden eyes which
                  | may confuse attackers. (Acc +5) [Jiyva's grace]
 46779 | Depths:3 | Found a one-way gate leading to the halls of Pandemonium.
 46779 | Depths:3 | Lost mutation: You passively map a small area around you.
                  | [Jiyva's grace]
 47159 | Depths:3 | Gained mutation: Your mind is acute. (Int +2) [Jiyva's
                  | grace]
 47163 | Depths:3 | Reached skill level 15 in Shields
 47273 | Depths:3 | Identified the cursed +0 plate armour of Etev {Slay+3}
 47295 | Depths:3 | Lost mutation: Your mind is acute. (Int +2) [Jiyva's grace]
 47426 | Depths:3 | Gained mutation: You are partially covered in slimy green
                  | scales. (AC +2) [Jiyva's grace]
 47434 | Depths:3 | Identified the +1 leather armour "Oruomoazonn" {rPois rC-
                  | Regen+}
 47475 | Depths:3 | Reached skill level 25 in Unarmed Combat
 47510 | Depths:3 | Gained mutation: You can translocate small distances at
                  | will. [Jiyva's grace]
 47568 | Depths:3 | Gained mutation: You have an increased reservoir of magic.
                  | (+10% MP) [Jiyva's grace]
 47796 | Depths:4 | Found a corrupted altar of Lugonu.
 47810 | Depths:4 | Found a one-way gate to the infinite horrors of the Abyss.
 48308 | Depths:4 | Reached XP level 22. HP: 203/203 MP: 26/26
 48317 | Depths:4 | Gained mutation: You have a considerably increased
                  | reservoir of magic. (+20% MP) [Jiyva's grace]
 48359 | Depths:4 | Noticed Margery
 48371 | Depths:4 | Killed Margery
 48380 | Depths:4 | Gained mutation: You have acidic saliva. [Jiyva's grace]
 48385 | Depths:4 | Lost mutation: You have a small jelly attached to you that
                  | senses nearby items. [Jiyva's grace]
 48396 | Depths:4 | Lost mutation: You can translocate small distances at will.
                  | [Jiyva's grace]
 48400 | Depths:4 | Gained mutation: You are resistant to hostile enchantments.
                  | (MR+) [Jiyva's grace]
 48403 | Depths:4 | Noticed Mennas
 48405 | Depths:4 | Lost mutation: You have a considerably increased reservoir
                  | of magic. (+20% MP) [Jiyva's grace]
 48415 | Depths:4 | Killed Mennas
 48521 | Depths:4 | Lost mutation: Armour fits poorly on your large pseudopods.
                  | [Jiyva's grace]
 48768 | Depths:4 | Reached skill level 15 in Throwing
 48967 | Depths:4 | Identified the Volume of Attacks and Protection
 49131 | Depths:5 | Entered Level 5 of the Depths
 49131 | Depths:5 | Noticed a juggernaut
 49140 | Depths:5 | Killed a juggernaut
 49174 | Depths:5 | Noticed a golden dragon
 49297 | Depths:5 | Gained mutation: You have a small jelly attached to you
                  | that may absorb incoming projectiles. [Jiyva's grace]
 49305 | Depths:5 | Killed a golden dragon
 49543 | Depths:5 | Reached skill level 5 in Dodging
 49658 | Depths:5 | Found a glowing silver altar of Zin.
 49659 | Depths:5 | Found an ancient bone altar of Kikubaaqudgha.
 49670 | Depths:5 | Found a shimmering blue altar of Sif Muna.
 49839 | Depths:5 | Noticed a caustic shrike
 49850 | Depths:5 | Killed a caustic shrike
 50011 | Depths:5 | Lost mutation: You have acidic saliva. [Jiyva's grace]
 50025 | Depths:5 | Noticed a golden dragon
 50032 | Depths:5 | Killed a golden dragon
 50033 | Depths:5 | Gained mutation: You are robust. (+10% HP) [Jiyva's grace]
 50054 | Depths:5 | Noticed a juggernaut
 50067 | Depths:5 | Killed a juggernaut
 50180 | Depths:5 | Lost mutation: You are somewhat resistant to further
                  | mutation. [Jiyva's grace]
 50238 | Depths:5 | Gained mutation: You have large cloven feet. [Jiyva's
                  | grace]
 50257 | Depths:5 | Reached XP level 23. HP: 214/232 MP: 27/27
 50367 | Depths:5 | Reached skill level 26 in Unarmed Combat
 50422 | Depths:5 | Lost mutation: You have large cloven feet. [Jiyva's grace]
 50423 | Depths:5 | Lost mutation: Armour fits poorly on your pseudopods.
                  | [Jiyva's grace]
 50506 | Depths:5 | Lost mutation: You are partially covered in slimy green
                  | scales. (AC +2) [Jiyva's grace]
 50509 | Depths:5 | Found the +6 lightning scales {run, rElec}
 50821 | Depths:5 | Found a gate to the Realm of Zot.
 50837 | Zot:1    | Entered Level 1 of the Realm of Zot
 51108 | Zot:1    | Noticed a Killer Klown
 51119 | Zot:1    | Killed a Killer Klown
 51207 | Zot:1    | Identified the +7 broad axe of Peril {holy, rF+ rC- SInv}
 51379 | Zot:1    | Lost mutation: You are resistant to hostile enchantments.
                  | (MR+) [Jiyva's grace]
 51394 | Zot:1    | Gained mutation: Your muscles are strong. (Str +2) [Jiyva's
                  | grace]
 51401 | Zot:1    | Gained mutation: Armour fits poorly on your pseudopods.
                  | [Jiyva's grace]
 51483 | Zot:1    | You fall into a shaft and drop 1 floor!
 51998 | Zot:1    | Reached XP level 24. HP: 189/245 MP: 27/27
 52259 | Zot:1    | Noticed a Killer Klown
 52287 | Zot:1    | Killed a Killer Klown
 52747 | Zot:1    | Lost mutation: Your muscles are strong. (Str +2) [Jiyva's
                  | grace]
 52753 | Zot:1    | Lost mutation: Your translucent skin reduces your foes'
                  | accuracy. (Stealth) [Jiyva's grace]
 52989 | Zot:2    | Lost mutation: Your body has grown many golden eyes which
                  | may confuse attackers. (Acc +5) [Jiyva's grace]
 53013 | Zot:2    | Lost mutation: Your flesh is heat resistant. (rF+) [Jiyva's
                  | grace]
 53183 | Zot:2    | Gained mutation: Your body has grown many golden eyes which
                  | may confuse attackers. (Acc +5) [Jiyva's grace]
 53594 | Zot:3    | Found a shimmering blue altar of Sif Muna.
 53845 | Zot:3    | Found an ancient bone altar of Kikubaaqudgha.
 53872 | Zot:3    | Gained mutation: You are dopey. (Int -2) [Jiyva's grace]
 53999 | Zot:3    | Acquired 810 gold pieces
 54054 | Zot:3    | You fall into a shaft and drop 1 floor!
 54584 | Zot:4    | Found a transporter.
 54597 | Zot:4    | Found a transporter.
 54635 | Zot:4    | Gained mutation: You have a considerably increased
                  | reservoir of magic. (+20% MP) [Jiyva's grace]
 55047 | Zot:4    | Reached XP level 25. HP: 242/256 MP: 30/30
 55132 | Zot:5    | Entered Level 5 of the Realm of Zot
 55369 | Zot:5    | Noticed an orb of fire
 55385 | Zot:5    | Noticed an orb of fire
 55385 | Zot:5    | Lost mutation: You are covered in slimy tendrils that may
                  | disarm your opponents. [an orb of fire]
 55386 | Zot:5    | Gained mutation: Your spells are a little easier to cast,
                  | but a little less powerful. [an orb of fire]
 55391 | Zot:5    | Gained mutation: You are clumsy. (Dex -2) [an orb of fire]
 55405 | Zot:5    | Lost mutation: You have a considerably increased reservoir
                  | of magic. (+20% MP) [an orb of fire]
 55416 | Zot:5    | Gained mutation: You are weak. (Str -2) [an orb of fire]
 55419 | Zot:5    | Gained mutation: You are very clumsy. (Dex -4) [an orb of
                  | fire]
 55420 | Zot:5    | Gained mutation: Your spells are easier to cast, but less
                  | powerful. [an orb of fire]
 55421 | Zot:5    | Lost mutation: You are robust. (+10% HP) [an orb of fire]
 55422 | Zot:5    | Killed an orb of fire
 55424 | Zot:5    | Lost mutation: You have a small jelly attached to you that
                  | may absorb incoming projectiles. [potion of mutation]
 55424 | Zot:5    | Lost mutation: Your spells are easier to cast, but less
                  | powerful. [potion of mutation]
 55424 | Zot:5    | Lost mutation: Armour fits poorly on your pseudopods.
                  | [potion of mutation]
 55424 | Zot:5    | Lost mutation: Your translucent skin slightly reduces your
                  | foes' accuracy. (Stealth) [potion of mutation]
 55424 | Zot:5    | Lost mutation: You are very clumsy. (Dex -4) [potion of
                  | mutation]
 55424 | Zot:5    | Gained mutation: You are robust. (+10% HP) [potion of
                  | mutation]
 55425 | Zot:5    | Lost mutation: Your body has grown many golden eyes which
                  | may confuse attackers. (Acc +5) [potion of mutation]
 55425 | Zot:5    | Gained mutation: You have a pair of small antennae on your
                  | head. [potion of mutation]
 55425 | Zot:5    | Lost mutation: You are dopey. (Int -2) [potion of mutation]
 55426 | Zot:5    | Lost mutation: You are weak. (Str -2) [Jiyva's power]
 55442 | Zot:5    | Lost mutation: Your spells are a little easier to cast, but
                  | a little less powerful. [Jiyva's power]
 55443 | Zot:5    | Lost mutation: You are clumsy. (Dex -2) [Jiyva's power]
 55977 | Zot:5    | Reached skill level 15 in Armour
 55981 | Zot:5    | Noticed an ancient lich
 55986 | Zot:5    | Slimified an ancient lich
 55986 | Zot:5    | an ancient lich changed into a death ooze
 56041 | Zot:5    | Lost mutation: You are robust. (+10% HP) [Jiyva's grace]
 56102 | Zot:5    | Noticed a Killer Klown
 56148 | Zot:5    | Killed a Killer Klown
 56154 | Zot:5    | Noticed an orb of fire
 56159 | Zot:5    | Gained mutation: Your muscles are strong. (Str +2) [an orb
                  | of fire]
 56167 | Zot:5    | Gained mutation: You are resistant to hostile enchantments.
                  | (MR+) [Jiyva's grace]
 56169 | Zot:5    | Gained mutation: You tend to lose your temper in combat.
                  | [an orb of fire]
 56173 | Zot:5    | Lost mutation: Your muscles are strong. (Str +2) [an orb of
                  | fire]
 56174 | Zot:5    | Gained mutation: Scrolls take you a little longer to read.
                  | [an orb of fire]
 56183 | Zot:5    | Killed an orb of fire
 56188 | Zot:5    | Lost mutation: You tend to lose your temper in combat.
                  | [Jiyva's power]
 56189 | Zot:5    | Lost mutation: Scrolls take you a little longer to read.
                  | [Jiyva's power]
 56330 | Zot:5    | Gained mutation: You are partially covered in yellow
                  | scales. (AC +2) [Jiyva's grace]
 56340 | Zot:5    | Noticed an orb of fire
 56345 | Zot:5    | Gained mutation: Your body sometimes deteriorates upon
                  | taking damage. [an orb of fire]
 56357 | Zot:5    | Gained mutation: Potions are less effective at restoring
                  | your health. [an orb of fire]
 56362 | Zot:5    | Killed an orb of fire
 56365 | Zot:5    | Noticed an orb of fire
 56365 | Zot:5    | Noticed an orb of fire
 56366 | Zot:5    | Noticed an orb of fire
 56379 | Zot:5    | Noticed an ancient lich
 56380 | Zot:5    | Lost mutation: Your body sometimes deteriorates upon taking
                  | damage. [potion of mutation]
 56380 | Zot:5    | Lost mutation: You are resistant to hostile enchantments.
                  | (MR+) [potion of mutation]
 56380 | Zot:5    | Lost mutation: You have a pair of small antennae on your
                  | head. [potion of mutation]
 56380 | Zot:5    | Gained mutation: You heal very quickly. [potion of
                  | mutation]
 56380 | Zot:5    | Gained mutation: You are mostly covered in yellow scales.
                  | (AC +3) [potion of mutation]
 56380 | Zot:5    | Noticed an orb of fire
 56381 | Zot:5    | Lost mutation: Your body has grown golden eyes which may
                  | confuse attackers. (Acc +3) [potion of mutation]
 56381 | Zot:5    | Lost mutation: Potions are less effective at restoring your
                  | health. [potion of mutation]
 56381 | Zot:5    | Gained mutation: You tend to lose your temper in combat.
                  | [potion of mutation]
 56381 | Zot:5    | Gained mutation: Your spells are a little harder to cast,
                  | but a little more powerful. [potion of mutation]
 56391 | Zot:5    | Killed from afar by a purple draconian

Illustrated notes

Levels and vault maps discovered:
D:1:      dpeg_arrival_stone_temple_mockup, layout_rooms,
          minmay_tree_intersection, minmay_indecisive_spiral
D:2:      layout_loops_ring, elyvilon_altar_5, chequers_ecumenical_altar_lobes,
          minmay_misc_feat_x, kennysheep_generic_room_13, uniq_robin,
          uniq_jessica
D:3:      layout_basic, nicolae_overflow_hidden_temple,
          overflow_temple_1_default
D:4:      layout_basic, yredelemnul_altar_generic,
          minmay_temple_entry_glassed_door, first_ration,
          grunt_dithmenos_smoke_and_mirrors
D:5:      layout_rooms, zin_statuary, lemuel_doored_altar, serial_shops, shop
D:6:      layout_cave_pods, gup_sewer_entry_bowl, serial_shops, shop,
          nrook_campfire
D:7:      layout_rooms, gup_ossuary_entry_pyramid,
          gammafunk_ghost_wrathful_warriors, glass_columns_b
D:8:      layout_loops_ring, grunt_gozag_statues, lemuel_round_altar,
          cheibrodos_ashenzari_chains, overflow_temple_1_default,
          eat_drink_and_be_merry_uskayaw, lemuel_crystal_altar, minivault_11,
          grunt_livestock, moated_statue, hangedman_abyss_or_decor_stabs,
          corexii_checkpoint_a
D:9:      layout_basic, overflow_temple_1_default, lemuel_crystal_altar,
          kennysheep_little_box, david_lair_generic, basic_altar, uniq_erica
D:10:     layout_roguey
D:11:     layout_rooms, david_orc_1_choice, minmay_fractal_squares_gapless_7,
          uniq_maurice
D:12:     minmay_the_grid_triangle_9x9_recursive_2_mashed
          [minmay_the_grid_triangle_9x9_prize_top_heavy,
          minmay_the_grid_triangle_9x9_warning,
          minmay_the_grid_triangle_9x9_limited_checkers,
          minmay_the_grid_triangle_9x9_zippers_vertical], layout_cross,
          ebering_ghost_xom, uniq_urug, uniq_azrael
D:13:     layout_loops_ring, grunt_vaults_entry_fortified,
          hellmonk_ghost_happy_afterlife, serial_shops, shop_statue,
          guppyfry_shop_earth
D:14:     layout_loops_cross
D:15:     grunt_enter_depths_snipers, layout_basic,
          minmay_misc_feat_secret_circle, serial_shops, shop
Temple:   corrupted_temple
Lair:1:   layout_cave_pods, grunt_megastairs_3, lemuel_fruit_tree,
          uniq_gastronok, uniq_nergalle
Lair:2:   layout_roguey, st_stairs_3, cheibrodos_lair_reptile_den
Lair:3:   layout_chaotic_city, shoals_dummy_entry,
          minmay_snake_entry_six_corridors, basic_altar,
          ebering_ghost_inner_flame, infiniplex_staircase_pool,
          minmay_lair_oklob_chamber, uniq_fannar
Lair:4:   layout_layer_cave, chequers_serial_rivers_room_a, minivault_29
Lair:5:   layout_roguey, uniq_josephine
Lair:6:   grunt_lair_end_beastmaster, layout_regular_city,
          dpeg_slime_entry_enclosed_altar, chequers_serial_rivers_small_b,
          minmay_lair_oklob_bushes, grunt_forest_small_clearings,
          kennysheep_basilisk_garden
Shoals:1: layout_shoals
Shoals:2: layout_shoals, uniq_ilsuiw, uniq_polyphemus
Shoals:3: layout_shoals
Shoals:4: shoals_end_grunt_ice, layout_shoals,
          nicolae_shoals_kraken_intersection
Snake:1:  layout_chambers
Snake:2:  layout_grid_shapes, serial_shops, shop, serial_bayou_pond_e,
          minmay_shoptagon, serial_bayou_shore_a
Snake:3:  layout_gridlike, basic_altar, serial_shops, shop,
          serial_bayou_shore_b, grunt_megastairs_4
Snake:4:  minmay_snake_end_coiled, layout_onion, serial_shops,
          nicolae_shop_statue_plus, basic_altar, uniq_louise, uniq_vashnia
Slime:1:  layout_caves, cheibrodos_slime_lost_civilization_6
Slime:2:  layout_caves
Slime:3:  layout_caves
Slime:4:  layout_caves
Slime:5:  uniq_donald
Orc:1:    layout_diamond_mine, trog_butcher_becter
Orc:2:    st_orc_ogre_mass, layout_caves, basic_altar, uniq_snorg
Vaults:1: v_misc_5, v_pattern_5, ontoclasm_vaults_bender,
          nicolae_vaults_network_star, v_misc_10, v_misc_32, vaults_mumra_lcd,
          nicolae_vaults_little_squares_3, hangedman_vaults_cutoff, v_misc_25,
          vaults_room_grid, v_alt_pattern_4, vaults_room_hallway,
          layout_vaults_maze, serial_shops, shop_fountains
Vaults:2: vaults_dpeg_encased_lava, hangedman_vaults_trim,
          vaults_mumra_minichess_inversion, nicolae_vaults_network_square,
          nicolae_vaults_rhombus_5, nicolae_vaults_angled_halls, v_misc_19,
          v_misc_11, vaults_dpeg_cross, ontoclasm_vaults_spin,
          nicolae_vaults_triangles, vaults_room_door_ring,
          layout_vaults_omnibox, serial_shops, nicolae_shop_stone, shop,
          nicolae_shop_waterfront, uniq_xtahua, uniq_jory, uniq_sojobo
Vaults:3: vaults_room_door_hall, dpeg_vaults_monster_box, v_misc_4,
          grunt_vaults_funnel, hangedman_vaults_hat, v_misc_1,
          minmay_crypt_entry_simple_sparse, nicolae_vaults_little_ls,
          vaults_room_hallway, vaults_dpeg_diagonal,
          nicolae_vaults_little_squares_1, layout_vaults_omnicross,
          serial_shops, shop, infiniplex_enter_wizlab_glasses
Vaults:4: ontoclasm_vaults_hangar, v_misc_28, v_misc_11, v_misc_3,
          layout_vaults_quadrants, serial_shops, shop_statue,
          nicolae_shop_temple_entry_statues_fountains, shop
Depths:1: layout_cave_shapes, enter_ziggurat_a, hangedman_decor_points,
          enter_trove_3, hangedman_coc_ice_floe, evilmike_spriggan_trog_shrine,
          uniq_asterion
Depths:2: emtedronai_trogs_sanctum, layout_cave_pools, hell_entry,
          chequers_serial_rivers_small_a, infiniplex_staircase_diamond,
          firewood_loft
Depths:3: hangedman_six_sided_sadism, layout_basic, rand_demon_pan_entry_7,
          minmay_misc_feat_tiny, grunt_hell_entry_dis_grunt, uniq_enchantress
Depths:4: kennysheep_large_spiral, layout_basic, abyss_entry_flame_altar,
          pf_hell_entry_great_geh, minmay_splitting_lines,
          grunt_pan_entry_zigzag, uniq_mennas, uniq_margery
Depths:5: hangedman_slaughterboxes, hell_entry
Zot:1:    cheibrodos_zot_enchanting_chambers, layout_twisted_circle
Zot:2:    layout_concentric_octagons, zot_minivault_1, grunt_megastairs_2
Zot:3:    layout_misc_corridors, hangedman_feature_mirror,
          hangedman_zot_decor_checkerboard, skrybe_zot_glass_3
Zot:4:    gammafunk_sealed_arena, layout_twisted_circle
Zot:5:    layout_onion, grunt_ministairs_10, nrook_zot_tub

Skill      XL: |  1  2  3  4  5  6  7  8  9 10 11 12 13 14 15 16 17 18 19 20 21 22 23 24 25 |
---------------+----------------------------------------------------------------------------+-----
Unarmed Combat | 1 3 4 5 7 8 11 13 15 17 18 20 21 22 23 24 25 26 | 26.0
Dodging        | 2 3 4 5 |  5.7
Throwing       | 2 3 4 6 7 9 10 11 12 13 14 15 16 17 | 17.6
Fighting       | 1 2 3 4 5 6 7 8 9 |  9.8
Translocations | 1 2 |  2.0
Hexes          | 3 |  3.3
Spellcasting   | 2 |  2.2
Shields        | 4 7 10 11 13 14 15 16 17 19 20 | 20.0
Armour         | 4 7 9 10 11 12 13 14 15 | 15.2

Action                   |  1- 3 |  4- 6 |  7- 9 | 10-12 | 13-15 | 16-18 | 19-21 | 22-24 | 25-27 || total
-------------------------+-------+-------+-------+-------+-------+-------+-------+-------+-------++-------
Melee: Unarmed           |   131 |   209 |   512 |   673 |  1170 |  1536 |  1875 |  1424 |   342 ||  7872
       Punch             |       |       |    15 |    45 |    66 |       |       |       |       ||   126
       Bite              |       |       |       |       |       |   117 |   145 |    53 |       ||   315
       Pseudopods        |       |       |       |       |       |   118 |   557 |   382 |    13 ||  1070
       Kick              |       |       |       |       |       |    10 |       |    32 |       ||    42
Throw: Large rock        |     1 |     2 |    10 |    23 |    16 |    20 |    40 |    37 |     3 ||   152
       Dart              |       |     7 |    19 |    20 |       |       |       |       |       ||    46
       Throwing net      |       |       |     2 |     2 |       |       |       |       |       ||     4
       Javelin           |       |       |       |       |    46 |     5 |       |       |       ||    51
 Cast: Portal Projectile |       |       |       |     1 |       |       |     1 |       |       ||     2
Invok: Cure Bad Mutation |       |       |       |       |       |       |     1 |       |     5 ||     6
       Slimify           |       |       |       |       |       |       |     1 |       |     2 ||     3
  Use: Scroll            |       |       |    21 |     7 |    17 |     8 |     9 |     7 |     7 ||    76
       Potion            |       |       |     4 |     8 |     8 |     6 |       |     2 |    14 ||    42
 Stab: Sleeping          |       |     1 |     4 |     8 |     4 |    11 |       |       |       ||    28
       Distracted        |       |       |       |     2 |     2 |     4 |     1 |     1 |       ||    10
       Confused          |       |       |       |       |     3 |    16 |    26 |    26 |     1 ||    72
       Invisible         |       |       |       |       |     3 |       |       |       |       ||     3
  Eat: Chunk             |    12 |    24 |    40 |    62 |    77 |    33 |    46 |    33 |     9 ||   336
Armor: Robe              |    54 |    70 |    88 |    50 |       |       |       |       |       ||   262
       Steam dragon scal |       |       |       |    95 |   194 |       |       |       |       ||   289
       Troll leather arm |       |       |       |       |    19 |   122 |       |       |       ||   141
       Ice dragon scales |       |       |       |       |       |    27 |   277 |    67 |       ||   371
       Gold dragon scale |       |       |       |       |       |       |       |   183 |   122 ||   305
Dodge: Dodged            |    81 |   100 |   332 |   399 |   591 |   370 |   428 |   338 |    89 ||  2728
Block: Other             |       |       |       |       |    67 |       |       |       |       ||    67
       Kite shield       |       |       |       |       |   222 |   413 |       |       |       ||   635
       Reflection        |       |       |       |       |    18 |   197 |    26 |       |       ||   241
       Tower shield      |       |       |       |       |       |   811 |  1546 |   866 |   247 ||  3470
